General information
- name: BNet
- type: Ladder team game (AT/RT)
- host: Battle.net
- saver: DanielCormier
map: Feralas_LV
- players: 8
- length: 25:13
- speed: Fast
- version: 1.30 W3XP
- replay type: Public
» download(315 KB)
Players
team 1 (loser)
DanielCormier (
green | 169 APM | 4258 actions | 25:13)
6 Tauren Chieftain
3 War Stomp
2 Endurance Aura
1 Reincarnation
4 Shadow Hunter
2 Hex
2 Healing Wave
4 Naga Sea Witch
2 Frost Arrows
2 Forked Lightning
» actions
| Assign group hotkey | 27 | |
| Basic commands | 242 | |
| Build / train | 93 | |
| ESC pressed | 5 | |
| Enter build submenu | 35 | |
| Enter hero's abilities submenu | 17 | |
| Give item / drop item | 2 | |
| Right click | 2026 | |
| Select / deselect | 817 | |
| Select group hotkey | 800 | |
| Use ability | 193 | |
4258 total
» units
| Peon | 12 | |
| Troll Headhunter/Berserker | 20 | |
| Forest Troll Berserker | 1 | |
| Troll Batrider | 7 | |
40 total
» upgrades
| Reinforced Defenses | 1 | |
| Ranged Weapons | 2 | |
| Berserker Upgrade | 1 | |
| Armor | 1 | |
5 total
» buildings
| Altar of Storms | 1 | |
| Orc Burrow | 5 | |
| War Mill | 2 | |
| Barracks | 1 | |
| Voodoo Lounge | 2 | |
| Great Hall | 2 | |
| Stronghold | 1 | |
| Fortress | 2 | |
| Watch Tower | 18 | |
| Beastiary | 2 | |
36 total
» build order
00:02 Altar of Storms
00:05 Orc Burrow
00:23 War Mill
01:07 Barracks
01:54 Orc Burrow
01:56 Orc Burrow
02:21 Voodoo Lounge
04:33 Great Hall
04:41 Great Hall
04:55 Stronghold
05:32 Orc Burrow
06:57 Orc Burrow
07:51 Fortress
07:51 Fortress
10:02 Watch Tower
10:29 Watch Tower
11:50 Watch Tower
12:35 War Mill
12:45 Watch Tower
13:47 Watch Tower
13:48 Watch Tower
14:48 Watch Tower
14:50 Watch Tower
14:59 Voodoo Lounge
15:29 Watch Tower
17:59 Beastiary
18:00 Beastiary
18:47 Watch Tower
18:48 Watch Tower
18:49 Watch Tower
19:35 Watch Tower
19:36 Watch Tower
20:56 Watch Tower
20:57 Watch Tower
20:59 Watch Tower
21:01 Watch Tower
» items
| Healing Salve | 7 | |
| Lesser Clarity Potion | 5 | |
| Scroll of Town Portal | 6 | |
| Potion of Mana | 6 | |
| Orb of Lightning | 1 | |
| Potion of Healing | 2 | |
27 total

»
Cornpops (
teal | 65 APM | 1342 actions | 20:41)
4 Keeper of the Grove
2 Force of Nature
2 Entangling Roots
1 Mountain King
1 Bash
» actions
| Assign group hotkey | 18 | |
| Basic commands | 44 | |
| Build / train | 60 | |
| Enter build submenu | 22 | |
| Enter hero's abilities submenu | 5 | |
| Right click | 440 | |
| Select / deselect | 490 | |
| Select group hotkey | 197 | |
| Use ability | 66 | |
1342 total
» units
| Wisp | 25 | |
| Huntress | 6 | |
| Dryad | 5 | |
| Mountain Giant | 2 | |
| Druid of the Claw | 6 | |
44 total
» upgrades
| Upgrade Moon Glaive | 1 | |
| Strength of the Moon | 1 | |
| Abolish Magic | 1 | |
| Strength of the Wild | 1 | |
| Druid of the Claw Training | 2 | |
| Mark of the Claw | 1 | |
7 total
» buildings
| Altar of Elders | 1 | |
| Moon Well | 5 | |
| Hunter's Hall | 1 | |
| Ancient of War | 2 | |
| Tree of Ages | 1 | |
| Ancient of Lore | 3 | |
| Ancient of Wonders | 1 | |
| Tree of Eternity | 1 | |
| Ancient Protector | 2 | |
| Tree of Life | 1 | |
18 total
» build order
00:07 Altar of Elders
00:22 Moon Well
01:39 Hunter's Hall
01:42 Ancient of War
02:15 Ancient of War
02:19 Moon Well
03:11 Moon Well
04:20 Tree of Ages
05:39 Moon Well
07:02 Ancient of Lore
08:06 Ancient of Lore
08:44 Ancient of Wonders
11:38 Moon Well
12:41 Tree of Eternity
12:56 Ancient Protector
14:57 Tree of Life
15:11 Ancient of Lore
19:15 Ancient Protector
» items
zombie. (
yellow | 208 APM | 3777 actions | 18:10)
4 Archmage
2 Blizzard
2 Brilliance Aura
3 Mountain King
2 Storm Bolt
1 Bash
» actions
| Assign group hotkey | 1340 | |
| Basic commands | 48 | |
| Build / train | 61 | |
| ESC pressed | 3 | |
| Enter build submenu | 31 | |
| Enter hero's abilities submenu | 7 | |
| Give item / drop item | 1 | |
| Remove unit from queue | 2 | |
| Right click | 1265 | |
| Select / deselect | 212 | |
| Select group hotkey | 732 | |
| Use ability | 75 | |
3777 total
» units
| Peasant | 16 | |
| Footman | 4 | |
| Spell Breaker | 5 | |
| Priest | 3 | |
| Sorceress | 2 | |
| Dragonhawk Rider | 3 | |
33 total
» upgrades
| Priest Training | 2 | |
| Swords | 1 | |
| Armor | 0 | |
| Plating | 1 | |
| Lumber Harvesting | 1 | |
| Magic Sentry | 1 | |
6 total
» buildings
| Altar of Kings | 1 | |
| Farm | 10 | |
| Barracks | 1 | |
| Scout Tower | 3 | |
| Arcane Vault | 1 | |
| Arcane Tower | 2 | |
| Keep | 1 | |
| Arcane Sanctum | 3 | |
| Blacksmith | 1 | |
| Lumber Mill | 1 | |
| Town Hall | 1 | |
| Guard Tower | 1 | |
| Castle | 2 | |
| Gryphon Aviary | 2 | |
30 total
» build order
00:06 Altar of Kings
00:10 Farm
00:52 Barracks
01:09 Farm
01:34 Scout Tower
01:47 Arcane Vault
02:01 Arcane Tower
02:02 Arcane Tower
02:20 Farm
03:07 Keep
03:16 Farm
04:44 Farm
05:32 Arcane Sanctum
05:33 Arcane Sanctum
05:52 Farm
08:39 Blacksmith
08:41 Lumber Mill
09:24 Town Hall
09:28 Scout Tower
09:29 Scout Tower
09:59 Guard Tower
10:15 Farm
11:21 Arcane Sanctum
12:29 Castle
12:29 Castle
14:00 Gryphon Aviary
14:22 Gryphon Aviary
15:00 Farm
15:01 Farm
15:03 Farm
» items
| Scroll of Regeneration | 2 | |
| Lesser Clarity Potion | 1 | |
| Scroll of Town Portal | 1 | |
| Potion of Lesser Invulnerability | 1 | |
5 total
Sauc3 (
purple | 59 APM | 1478 actions | 25:13)
6 Dreadlord
2 Sleep
2 Carrion Swarm
1 Vampiric Aura
1 Inferno
» actions
| Assign group hotkey | 47 | |
| Basic commands | 21 | |
| Build / train | 72 | |
| Enter build submenu | 24 | |
| Enter hero's abilities submenu | 6 | |
| Give item / drop item | 5 | |
| Right click | 658 | |
| Select / deselect | 426 | |
| Select group hotkey | 149 | |
| Use ability | 70 | |
1478 total
» units
| Acolyte | 8 | |
| Ghoul | 3 | |
| Crypt Fiend | 21 | |
| Obsidian Statue | 6 | |
| Gargoyle | 1 | |
39 total
» upgrades
| Creature Attack | 2 | |
| Creature Carapace | 2 | |
| Web | 1 | |
5 total
» buildings
| Altar of Darkness | 1 | |
| Ziggurat | 12 | |
| Crypt | 2 | |
| Graveyard | 1 | |
| Nerubian Tower | 3 | |
| Tomb of Relics | 2 | |
| Halls of the Dead | 1 | |
| Spirit Tower | 6 | |
| Necropolis | 1 | |
| Slaughterhouse | 1 | |
| Black Citadel | 1 | |
31 total
» build order
01:16 Altar of Darkness
01:18 Ziggurat
01:42 Crypt
02:16 Ziggurat
02:27 Graveyard
02:41 Nerubian Tower
04:06 Tomb of Relics
06:47 Halls of the Dead
07:23 Ziggurat
07:54 Ziggurat
07:55 Ziggurat
08:40 Spirit Tower
08:50 Nerubian Tower
08:51 Spirit Tower
10:25 Ziggurat
10:26 Ziggurat
10:28 Ziggurat
11:39 Spirit Tower
12:28 Spirit Tower
12:33 Necropolis
12:40 Ziggurat
13:22 Crypt
13:27 Slaughterhouse
14:16 Spirit Tower
14:26 Tomb of Relics
14:29 Ziggurat
14:32 Ziggurat
14:33 Ziggurat
15:32 Spirit Tower
15:36 Nerubian Tower
22:05 Black Citadel
» items
| Rod of Necromancy | 2 | |
| Potion of Healing | 2 | |
| Periapt of Vitality | 3 | |
| Boots of Speed | 2 | |
| Scroll of Town Portal | 1 | |
10 total
team 2 (winner)

»
lllIIIllIIlIlIl (
blue | 97 APM | 2452 actions | 25:13)
8 Keeper of the Grove
3 Entangling Roots
3 Force of Nature
1 Tranquility
1 Thorns Aura
» actions
| Assign group hotkey | 38 | |
| Build / train | 88 | |
| Enter build submenu | 18 | |
| Enter hero's abilities submenu | 9 | |
| Give item / drop item | 1 | |
| Right click | 1034 | |
| Select / deselect | 293 | |
| Select group hotkey | 853 | |
| Use ability | 118 | |
2452 total
» units
| Wisp | 26 | |
| Huntress | 6 | |
| Dryad | 9 | |
| Druid of the Claw | 7 | |
48 total
» upgrades
| Strength of the Wild | 3 | |
| Abolish Magic | 1 | |
| Druid of the Claw Training | 2 | |
| Reinforced Hides | 3 | |
| Mark of the Claw | 1 | |
| Hardened Skin | 1 | |
| Resistant Skin | 1 | |
| Ultravision | 1 | |
| Well Spring | 1 | |
14 total
» buildings
| Altar of Elders | 1 | |
| Moon Well | 6 | |
| Hunter's Hall | 1 | |
| Ancient of War | 1 | |
| Tree of Ages | 1 | |
| Tree of Life | 3 | |
| Ancient of Lore | 2 | |
| Ancient of Wonders | 1 | |
| Tree of Eternity | 1 | |
| Ancient of Wind | 1 | |
18 total
» build order
00:07 Altar of Elders
00:09 Moon Well
01:30 Hunter's Hall
02:07 Ancient of War
02:24 Moon Well
03:13 Tree of Ages
03:51 Moon Well
06:07 Tree of Life
06:17 Ancient of Lore
06:19 Ancient of Lore
06:25 Tree of Life
06:46 Moon Well
10:03 Ancient of Wonders
11:28 Tree of Eternity
12:25 Moon Well
12:27 Moon Well
19:35 Ancient of Wind
20:54 Tree of Life
» items
| Scroll of Town Portal | 5 | |
| Scroll of Healing | 3 | |
| Potion of Lesser Invulnerability | 1 | |
| Scroll of Protection | 1 | |
| Moonstone | 1 | |
| Lesser Clarity Potion | 2 | |
| Potion of Mana | 1 | |
| Potion of Healing | 1 | |
15 total

»
opalcat91 (
red | 84 APM | 2121 actions | 25:13)
5 Paladin
3 Holy Light
2 Devotion Aura
4 Mountain King
2 Storm Bolt
2 Bash
2 Pandaren Brewmaster
1 Drunken Haze
1 Breath of Fire
» actions
| Assign group hotkey | 31 | |
| Basic commands | 67 | |
| Build / train | 79 | |
| Enter build submenu | 42 | |
| Enter hero's abilities submenu | 11 | |
| Give item / drop item | 1 | |
| Right click | 873 | |
| Select / deselect | 327 | |
| Select group hotkey | 579 | |
| Use ability | 111 | |
2121 total
» units
| Peasant | 21 | |
| Footman | 8 | |
| Knight | 5 | |
| Priest | 3 | |
| Siege Engine | 5 | |
42 total
» upgrades
| Defend | 1 | |
| Masonry | 2 | |
| Lumber Harvesting | 1 | |
| Swords | 1 | |
| Plating | 1 | |
| Barrage | 1 | |
| Priest Training | 2 | |
| Animal War Training | 1 | |
10 total
» buildings
| Altar of Kings | 1 | |
| Farm | 13 | |
| Barracks | 2 | |
| Scout Tower | 17 | |
| Arcane Tower | 1 | |
| Arcane Vault | 1 | |
| Town Hall | 3 | |
| Keep | 1 | |
| Lumber Mill | 1 | |
| Blacksmith | 1 | |
| Guard Tower | 5 | |
| Castle | 1 | |
| Arcane Sanctum | 2 | |
| Workshop | 2 | |
51 total
» build order
00:09 Altar of Kings
00:14 Farm
00:35 Barracks
00:45 Farm
01:31 Farm
01:40 Scout Tower
02:13 Barracks
02:22 Arcane Tower
02:42 Farm
04:15 Arcane Vault
04:26 Town Hall
05:54 Keep
06:15 Lumber Mill
06:31 Blacksmith
06:37 Scout Tower
06:38 Scout Tower
06:54 Scout Tower
06:58 Scout Tower
07:10 Farm
07:11 Farm
07:53 Guard Tower
07:57 Scout Tower
08:02 Scout Tower
08:15 Castle
08:39 Guard Tower
09:31 Arcane Sanctum
09:32 Arcane Sanctum
10:06 Workshop
10:20 Workshop
10:30 Farm
10:33 Farm
10:35 Farm
12:31 Scout Tower
12:34 Scout Tower
13:24 Farm
13:25 Farm
15:48 Town Hall
15:50 Scout Tower
18:47 Guard Tower
19:21 Scout Tower
19:23 Scout Tower
19:24 Scout Tower
19:34 Farm
19:35 Farm
19:57 Scout Tower
20:00 Scout Tower
20:02 Guard Tower
20:48 Scout Tower
20:50 Guard Tower
20:54 Scout Tower
23:50 Town Hall
» items
| Lesser Clarity Potion | 1 | |
| Scroll of Regeneration | 2 | |
| Scroll of Town Portal | 2 | |
5 total
lll||||-||||lll (
orange | 40 APM | 1019 actions | 25:13)
4 Mountain King
2 Storm Bolt
1 Bash
1 Thunder Clap
2 Paladin
1 Holy Light
1 Devotion Aura
» actions
| Basic commands | 3 | |
| Build / train | 51 | |
| Enter build submenu | 27 | |
| Enter hero's abilities submenu | 6 | |
| Give item / drop item | 2 | |
| Right click | 574 | |
| Select / deselect | 299 | |
| Use ability | 57 | |
1019 total
» units
| Peasant | 14 | |
| Gryphon Rider | 6 | |
| Dragonhawk Rider | 1 | |
21 total
» upgrades
| Masonry | 2 | |
| Swords | 3 | |
| Armor | 2 | |
| Storm Hammers | 1 | |
| Cloud | 1 | |
9 total
» buildings
| Altar of Kings | 1 | |
| Scout Tower | 7 | |
| Farm | 9 | |
| Arcane Tower | 2 | |
| Keep | 1 | |
| Lumber Mill | 2 | |
| Blacksmith | 1 | |
| Guard Tower | 5 | |
| Arcane Vault | 1 | |
| Gryphon Aviary | 3 | |
| Castle | 1 | |
| Town Hall | 1 | |
34 total
» build order
01:28 Altar of Kings
01:33 Scout Tower
01:36 Farm
02:01 Arcane Tower
02:05 Farm
03:48 Keep
03:51 Lumber Mill
04:00 Lumber Mill
04:14 Blacksmith
04:18 Farm
04:49 Scout Tower
05:06 Scout Tower
05:15 Guard Tower
05:17 Scout Tower
05:42 Guard Tower
05:44 Scout Tower
05:46 Guard Tower
05:49 Arcane Vault
06:31 Guard Tower
06:35 Gryphon Aviary
06:41 Gryphon Aviary
06:44 Gryphon Aviary
07:42 Castle
09:40 Farm
09:42 Farm
09:45 Farm
10:40 Farm
11:19 Farm
12:11 Farm
13:44 Scout Tower
14:21 Guard Tower
14:25 Scout Tower
15:48 Arcane Tower
17:25 Town Hall
» items
| Scroll of Regeneration | 2 | |
| Scroll of Town Portal | 1 | |
| Potion of Healing | 1 | |
4 total

»
bohica (
pink | 39 APM | 987 actions | 25:13)
7 Keeper of the Grove
1 Entangling Roots
2 Force of Nature
3 Thorns Aura
1 Tranquility
» actions
| Basic commands | 16 | |
| Build / train | 55 | |
| Enter build submenu | 16 | |
| Enter hero's abilities submenu | 7 | |
| Give item / drop item | 2 | |
| Right click | 630 | |
| Select / deselect | 205 | |
| Use ability | 56 | |
987 total
» units
| Wisp | 12 | |
| Huntress | 8 | |
| Druid of the Talon | 4 | |
| Chimaera | 6 | |
30 total
» upgrades
| Upgrade Moon Glaive | 1 | |
| Strength of the Wild | 3 | |
| Reinforced Hides | 3 | |
| Druid of the Talon Training | 2 | |
| Corrosive Breath | 1 | |
| Well Spring | 1 | |
| Mark of the Talon | 1 | |
12 total
» buildings
| Moon Well | 7 | |
| Altar of Elders | 1 | |
| Hunter's Hall | 1 | |
| Ancient of War | 1 | |
| Ancient of Wonders | 1 | |
| Tree of Ages | 1 | |
| Tree of Eternity | 1 | |
| Ancient of Wind | 1 | |
| Chimaera Roost | 2 | |
| Tree of Life | 1 | |
17 total
» build order
00:17 Moon Well
00:23 Altar of Elders
01:30 Hunter's Hall
01:54 Ancient of War
02:03 Moon Well
02:58 Ancient of Wonders
03:08 Tree of Ages
04:09 Moon Well
06:33 Tree of Eternity
06:39 Ancient of Wind
07:10 Moon Well
09:40 Chimaera Roost
09:45 Chimaera Roost
09:50 Moon Well
19:10 Moon Well
19:14 Moon Well
22:05 Tree of Life
» items
| Scroll of Town Portal | 2 | |
| Potion of Lesser Invulnerability | 1 | |
3 total
Chat log
(00:15 / Allies) DanielCormier: if my hero gets stuck i rq
(00:21 / All) lll||||-||||lll: NIGGER NIGGER NIGGER NIGGER NIGGER NIGGER NIGGER NIGGER NIGGER NIGGER
(00:29 / Allies) DanielCormier: this altar is sus
(01:04 / All) bohica: wow no leavers or afkbot or ratAGclown?
(01:05 / Allies) Sauc3: oops herer
(01:10 / Allies) Sauc3: my b !
(01:23 / All) lll||||-||||lll: nope just a bunch of old fashioned niggas playing a game of wc3
(01:29 / All) Sauc3: GANG!
(01:45 / All) bohica: but im a new nigga
(01:56 / All) Sauc3: NEW MONEY CALL THAT SHIT FRESH BAKED NIGGA!
(02:12 / All) lll||||-||||lll: NIGGA NIGGA NIGGA
(02:13 / All) bohica: im definitely baked
(02:21 / All) lll||||-||||lll: now you an old time nigga
(02:28 / All) bohica: dam!
(02:33 / All) Sauc3: im old but my money new
(02:35 / All) Sauc3: #squad
(06:37 / Allies) DanielCormier: why do ppl mh
(06:44 / Allies) DanielCormier: and why are mhers usually kotg hunt players
(06:55 / All) Sauc3: #exposed!
(07:03 / Allies) zombie.: ultravision and sentinels lol
(07:10 / Allies) DanielCormier: look
(07:13 / Allies) DanielCormier: no sents
(09:24 / Allies) Sauc3: gold?
(12:25 / Allies) zombie.: lets hit
(13:05 / Allies) Sauc3: main main
(13:55 / Allies) Sauc3: red making tank
(17:39 / Allies) zombie.: 2v4 lol
(17:44 / Allies) DanielCormier: u made the wrong units
(17:45 / Allies) DanielCormier: for this game mode
(18:00 / Allies) zombie.: our ud is just a autist
(18:02 / Allies) zombie.: and wasnt there
(18:07 / Allies) zombie.: sitting in his base doing nothing
(18:26 / All) Sauc3: kid masses spell breakers and cries
(18:27 / All) Sauc3: rofl
(21:56 / Allies) Sauc3: i have tp
(24:05 / All) bohica: die mhacking scum
(25:08 / All) bohica: mhcaking scum